 Dungeon Crawl Stone Soup version 0.22-a0-283-g1871b15 (webtiles) character file.

126 newphone the Ogre Mage (level 5, -4/45 HPs)
             Began as an Ogre Wizard on Mar 18, 2018.
             Slain by a phantom (6 damage)
             ... on level 8 of the Dungeon.
             The game lasted 00:11:45 (4713 turns).

newphone the Ogre Mage (Ogre Wizard)                Turns: 4713, Time: 00:11:46

Health: -4/45      AC:  4    Str: 11    XL:     5   Next: 9%
Magic:  7/10       EV: 10    Int: 20    God:
Gold:   147        SH:  0    Dex:  7    Spells: 3/11 levels left

rFire    . . .     SeeInvis .   p - +0 war axe
rCold    . . .     Gourm    .   (no shield)
rNeg     . . .     Faith    .   a - +0 robe
rPois    .         Spirit   .   b - +1 hat
rElec    .         Reflect  .   (no cloak)
rCorr    .         Harm     .   (gloves unavailable)
MR       .....                  (boots unavailable)
Stlth    +.........             (no amulet)
HPRegen  0.15/turn              (no ring)
MPRegen  0.12/turn              (no ring)

@: about to teleport
A: large, unfitting armour, tough skin 1
a: no special abilities


You were on level 8 of the Dungeon.
You were not hungry.

You visited 1 branch of the dungeon, and saw 8 of its levels.

You collected 147 gold pieces.

Inventory:

Hand Weapons
 j - a +0 flail
 k - a +0 long sword
 p - a +0 war axe (weapon)
Missiles
 h - 103 stones
 i - 6 silver javelins
 m - 42 sling bullets
 n - 3 tomahawks (quivered)
Armour
 a - a +0 robe (worn)
 b - a +1 hat (worn)
Scrolls
 c - 4 scrolls of remove curse
 f - a scroll of identify
Potions
 g - a potion of mutation {unknown}
 l - a potion of haste {unknown}
 o - 2 potions of brilliance {unknown}
Comestibles
 d - 7 rations


   Skills:
 - Level 1.7 Dodging
 - Level 1.4 Stealth
 - Level 3.7 Spellcasting
 - Level 3.0 Conjurations
 + Level 2.9 Summonings
 - Level 0.8 Translocations


You had 3 spell levels left.
You knew the following spells:

 Your Spells              Type           Power        Failure   Level  Hunger
a - Magic Dart            Conj           ###.         3%          1    None
b - Blink                 Tloc           N/A          14%         2    ##.....
c - Call Imp              Summ           ###.....     6%          2    ##.....
d - Mephitic Cloud        Conj/Pois/Air  #.......     26%         3    ###....


Dungeon Overview and Level Annotations

Branches:
Dungeon (8/15)
 Temple: D:4-7         Lair: D:8-11

Altars:
Dithmenos
Fedhas
Okawaru
Zin

Annotations:
D:5 Blork the orc
D:6 Prince Ribbit


Innate Abilities, Weirdness & Mutations

You are too large for most types of armour.
You have tough skin. (AC +1)


Message History

* * * LOW HITPOINT WARNING * * *
The water moccasin barely misses you. The phantom closely misses you.
You feel better. The water moccasin barely misses you. The phantom hits you.
The water moccasin bites you.
* * * LOW HITPOINT WARNING * * *
An orc wizard comes into view. It is wielding a dagger.
You feel better. The worker ant barely misses you.
The water moccasin misses you. The phantom hits you.
* * * LOW HITPOINT WARNING * * *
The worker ant bites you!
* * * LOW HITPOINT WARNING * * *
An orc comes into view. It is wielding a mace.
Okay, then.
As you read the scroll of teleportation, it crumbles to dust.
You feel strangely unstable. The water moccasin barely misses you.
The worker ant waves its antennae.
The worker ant bites you.
* * * LOW HITPOINT WARNING * * *
The phantom hits you.
You die...

#.............o
#............o.
#...........o..
#..............
#.........o..#
#............#
#.......a....#
#.....W@.....#
#...<...S....#
#..............
#............##
#.........###..
..........# .
###########


You could see a phantom, a water moccasin, a worker ant, an orc wizard and 3
orcs.

Vanquished Creatures
  A centaur zombie (D:4)
  2 gnolls (D:3)
  An adder (D:5)
  A worm (D:2)
  2 dart slugs
  3 leopard geckos
  3 orcs (D:4)
  4 giant cockroaches
  3 hobgoblins
  3 jackals (D:2)
  2 ball pythons
  6 bats
  3 frilled lizards
  A goblin (D:2)
  4 kobolds
  A quokka skeleton (D:4)
  9 rats
49 creatures vanquished.

Vanquished Creatures (collateral kills)
  A slave (D:6)
  A gnoll (D:3)
  2 oozes (D:2)
  A dart slug (D:2)
  A giant cockroach (D:2)
  3 goblins
  4 hobgoblins
  A jackal (D:2)
  4 kobolds
18 creatures vanquished.

Grand Total: 67 creatures vanquished

Notes
Turn   | Place    | Note
-------+----------+-------------------------------------------
     0 | D:1      | newphone the Ogre Wizard began the quest for the Orb.
     0 | D:1      | Reached XP level 1. HP: 16/16 MP: 5/5
    77 | D:1      | Reached skill level 1 in Conjurations
   573 | D:1      | Reached XP level 2. HP: 24/24 MP: 1/6
   807 | D:1      | Learned a level 2 spell: Blink
   810 | D:1      | Learned a level 2 spell: Call Imp
  1459 | D:2      | Found a glowing silver altar of Zin.
  1488 | D:2      | Reached XP level 3. HP: 28/31 MP: 8/8
  1572 | D:2      | Found a shadowy altar of Dithmenos.
  1770 | D:2      | Learned a level 3 spell: Mephitic Cloud
  1973 | D:2      | Reached skill level 1 in Summonings
  2551 | D:3      | Reached XP level 4. HP: 39/39 MP: 4/9
  2868 | D:4      | Found a blossoming altar of Fedhas.
  3554 | D:4      | Found an iron altar of Okawaru.
  3611 | D:5      | Entered Level 5 of the Dungeon
  3648 | D:5      | Noticed Blork the orc
  3756 | D:5      | Reached XP level 5. HP: 31/45 MP: 5/10
  4100 | D:5      | Noticed a slave
  4101 | D:5      | Noticed a slave
  4101 | D:5      | Noticed a slave
  4133 | D:6      | Killed a slave
  4328 | D:6      | Noticed Prince Ribbit
  4661 | D:7      | Noticed a phantom
  4698 | D:7      | Noticed a water moccasin
  4713 | D:8      | HP: 2/45 [worker ant (4)]
  4713 | D:8      | Slain by a phantom

Vault maps used:
D:1:      matt_arrival_los_fun, minmay_misc_feat_plants, st_stairs_5,
          serial_bayou_lake_a
D:2:      old_standard_altar, lemuel_crystal_altar, serial_corexii_hall,
          corexii_hall_statues_s, corexii_hall_statues_s
D:3:      first_ration
D:4:      ashenzari_altar_1, okawaru_altar_gauntlet_db, lemuel_round_altar,
          abandoned_shop
D:5:      minmay_temple_entry_enclosed_plants, uniq_grinder, uniq_pikel,
          uniq_blork_the_orc
D:6:      lemuel_doored_altar, bloody_makhleb, gup_sewer_entry_bubbles,
          gup_ossuary_entry_pyramid, uniq_sigmund, uniq_prince_ribbit1
D:7:      kennysheep_mini
D:8:      nicolae_qazlal_style_of_elements, marbit_many_paths,
          dpeg_lair_monsters, basic_altar, serial_ice, serial_ice_g,
          serial_ice_j, serial_ice_f, serial_ice_b, grunt_pizzeria

Skill      XL: |  1  2  3  4 |
---------------+-------------+-----
Conjurations   | 1 2 3 |  3.0
Summonings     | 1 2 |  2.9
Dodging        | |  1.7
Stealth        | |  1.4
Spellcasting   | |  3.7
Translocations | |  0.8

Action                   |  1- 3 |  4- 6 || total
-------------------------+-------+-------++-------
Melee: Club              |    51 |       ||    51
       Unarmed           |     4 |       ||     4
       Whip              |    79 |       ||    79
       War axe           |     1 |    52 ||    53
Throw: Stone             |    44 |     5 ||    49
       Tomahawk          |       |    12 ||    12
 Cast: Magic Dart        |    43 |    14 ||    57
       Call Imp          |     8 |    13 ||    21
       Blink             |       |     4 ||     4
  Use: Scroll            |     1 |     6 ||     7
       Potion            |       |     3 ||     3
  Eat: Chunk             |     3 |       ||     3
       Ration            |     1 |     2 ||     3
Armor: Robe              |    71 |    20 ||    91
Dodge: Dodged            |   114 |    65 ||   179

Table legend:
 A = Spawn XP
 B = Non-spawn XP
 C = Spawn XP percentage of total XP
 D = Spawn monster count
 E = Non-spawn monster count
 F = Spawn count percentage of total count
 G = Total turns spent on level
                    A         B        C        D         E        F      G
               +---------+---------+-------+---------+---------+-------+---------
         Total |       0 |     180 |   0.0 |       0 |      66 |   0.0 |  4713
               +---------+---------+-------+---------+---------+-------+---------
           D:1 |       0 |      21 |   0.0 |       0 |      16 |   0.0 |  1223
           D:2 |       0 |      48 |   0.0 |       0 |      25 |   0.0 |   963
           D:3 |       0 |      44 |   0.0 |       0 |       9 |   0.0 |   681
           D:4 |       0 |      51 |   0.0 |       0 |      14 |   0.0 |   769
           D:5 |       0 |      13 |   0.0 |       0 |       1 |   0.0 |   480
           D:7 |       0 |       3 |   0.0 |       0 |       1 |   0.0 |   346
               +---------+---------+-------+---------+---------+-------+---------
